[Event "Wednesday Night Engine Tour 13 Rd Swiss 3m+1s Starts at 2200hrs ST"]
[Site "Infinity Chess"]
[Date "2018.1.10"]
[Round "10"]
[White "RonWeasley"]
[Black "KULLANI"]
[Result "1/2-1/2 "]
[ECO "A00"]
[WhiteElo "2472"]
[BlackElo "2504"]
[WhiteEngine "BrainFish 060118_CTG"]
[BlackEngine "BrainFish_180106_x64_CTG"]
[EventType "Swiss"]
[WhiteTeam ""]
[BlackTeam ""]
[PlyCount "316"]
[TimeControl "180+1"]

1. a3 e5 2. e3 Nf6 3. d4 exd4 4. exd4 d5 5. Nc3 Bd6 6. Nb5 Bf5 7. Nxd6+ Qxd6 
8. Qe2+ Be6 9. Qb5+ Nc6 10. Ne2 O-O-O 11. Qd3 Qe7 12. f3 Kb8 13. Qc3 Ne8 
14. Be3 Qh4+ 15. Bf2 Qf6 16. O-O-O Nd6 17. Qd2 h5 18. Qf4 Bf5 19. Nc3 g5 
20. Qd2 Be6 21. h4 g4 22. Be3 Qg7 23. Bg5 Rc8 24. Be2 f6 25. Bf4 Nf5 
26. fxg4 hxg4 27. Bd3 Nfxd4 28. h5 Ne5 29. Qf2 Ndc6 30. h6 Qg8 31. Bb5 d4 
32. Ne4 Qg6 33. Rhe1 Ka8 34. Bxc6 Nxc6 35. Ng3 Bc4 36. b3 Bb5 37. Bd2 Ne5 
38. Qxd4 c5 39. Qe4 Qf7 40. Bc3 c4 41. Nf5 Bc6 42. Qe2 Qg6 43. Nd6 Rcf8 
44. Bxe5 fxe5 45. Nxc4 Qg5+ 46. Kb2 Rxh6 47. Qxe5 Qxe5+ 48. Nxe5 Bxg2 
49. Nxg4 Rhh8 50. Ne5 Re8 51. Ng6 Rhg8 52. Ne7 Rh8 53. Nf5 b6 54. Rxe8+ Rxe8 
55. Rd7 Kb8 56. Rf7 Bc6 57. Nd4 Bd5 58. Rh7 a6 59. Rh6 Kb7 60. Rh7+ Kb8 
61. Rh3 Kc7 62. Rh5 Be4 63. a4 a5 64. Rh6 Re7 65. Kc3 Kb7 66. Nb5 Bc6 
67. Nd6+ Kc7 68. Nc4 Rg7 69. Nd6 Rg4 70. Kb2 Rg7 71. Nb5+ Kb7 72. Nd6+ Kc7 
73. Nf5 Rd7 74. Kc3 Be4 75. Nd4 Kb7 76. Rh4 Rc7+ 77. Kd2 Bg6 78. Rh6 Rd7 
79. Kc3 Be4 80. Rh4 Re7 81. Kb2 Bg6 82. Nb5 Re2 83. Rc4 Re6 84. Rc7+ Kb8 
85. Rg7 Be4 86. Rg8+ Kb7 87. Rg4 Bc6 88. Rg7+ Kb8 89. Nd4 Rd6 90. Rg8+ Kb7 
91. Nb5 Rh6 92. Nd4 Bd7 93. Nb5 Bc6 94. Rg7+ Kb8 95. Re7 Kc8 96. Rg7 Kd8 
97. Rf7 Be4 98. Rf8+ Kd7 99. Nd4 Kd6 100. Re8 Rh4 101. Nb5+ Kd7 102. Re5 Bc6 
103. Na3 Rh6 104. Rg5 Kc7 105. Rf5 Kd8 106. Nc4 Bh1 107. Rf8+ Kc7 108. Na3 Be4 
109. Nb5+ Kd7 110. Rf4 Bc6 111. Nd4 Kc7 112. Rf7+ Bd7 113. c3 Kc8 114. Kb1 Rh1+ 
115. Kc2 Rh2+ 116. Kb1 Rh1+ 117. Ka2 Rh2+ 118. Ka3 Rh3 119. Kb2 Rh2+ 
120. Ka1 Rh1+ 121. Ka2 Rh2+ 122. Ka3 Rh3 123. Rf8+ Kb7 124. Kb2 Rh2+ 
125. Kc1 Rh3 126. Kb2 Rh2+ 127. Kc1 Rh3 128. Kc2 Rh2+ 129. Kb1 Rh3 130. Kc2 Rh2+ 
131. Kd3 Rh3+ 132. Kc4 Kc7 133. Rg8 Kb7 134. Rg6 Kc7 135. Rg5 Re3 136. Rg7 Rh3 
137. Rg6 Kb7 138. Rg5 Kc8 139. Rd5 Be8 140. Re5 Bd7 141. Re7 Kc7 142. Kd5 Rh5+ 
143. Kc4 Rh3 144. Re2 Kb7 145. Re4 Kc7 146. Re5 Kc8 147. Rg5 Kc7 148. Rg6 Rh5 
149. Rg7 Rh3 150. Rg2 Kb7 151. Re2 Kb8 152. Rf2 Kc7 153. Rg2 Kc8 154. Re2 Kb8 
155. Rf2 Kc7 156. Rf8 Kb7 157. Rf7 Kc7 158. Rg7 Kc8 1/2-1/2

[Event "Wednesday Night Engine Tour 13 Rd Swiss 3m+1s Starts at 2200hrs ST"]
[Site "Infinity Chess"]
[Date "2018.1.10"]
[Round "10"]
[White "ocirema"]
[Black "MiKachomiKa QueeN"]
[Result "1/2-1/2"]
[ECO "C50"]
[WhiteElo "2509"]
[BlackElo "2469"]
[WhiteEngine "stockfish_18010422_x64_modern_CTG"]
[BlackEngine "Raubfisch X37b1_CTG"]
[EventType "Swiss"]
[WhiteTeam ""]
[BlackTeam ""]
[PlyCount "164"]
[TimeControl "180+1"]

1. e4 e5 2. Nf3 Nc6 3. Bc4 Bc5 4. O-O Nf6 5. d3 d6 6. c3 O-O 7. h3 h6 8. Bb3 Re8 
9. Re1 a5 10. Nbd2 b5 11. a4 b4 12. Nf1 Bb6 13. Bc4 Ba6 14. Bb5 Bxb5 
15. axb5 Na7 16. c4 c6 17. bxc6 Nxc6 18. Ng3 Nd7 19. Nf5 Nf8 20. Be3 Ne6 
21. Bxb6 Qxb6 22. b3 Ra7 23. g3 Rb8 24. Re2 Kh7 25. h4 a4 26. bxa4 b3 
27. Nxd6 Qb4 28. Nb5 Rxa4 29. Rb1 Nc5 30. Kg2 f6 31. Rd2 Qa5 32. d4 Rxc4 
33. Nd6 Rxd4 34. Nxd4 Nxd4 35. Nf5 Nxf5 36. exf5 Qa8+ 37. Kg1 Ne4 38. Rd7 Qa2 
39. Qe1 Nc5 40. Rdd1 b2 41. Qd2 Qb3 42. Qd5 Qc3 43. Kh2 e4 44. Qd4 Qc2 
45. Qd2 Qb3 46. Qd5 Nd3 47. Qxb3 Rxb3 48. Rd2 g6 49. fxg6+ Kxg6 50. Rc2 Kf5 
51. Kg2 Ke5 52. Kf1 h5 53. Ke2 Kd4 54. Rc6 Ne5 55. Rxf6 Nc4 56. Rf8 Na3 
57. Rd1+ Ke5 58. Rh8 b1=Q 59. Rxh5+ Ke6 60. Rh6+ Ke5 61. Rh5+ Kf6 62. Rh6+ Kg7 
63. Rxb1 Nxb1 64. Re6 Kf7 65. Re5 Kf6 66. Re8 Kf7 67. Re5 Kf6 68. Re8 Rb2+ 
69. Ke3 Nc3 70. Rf8+ Ke5 71. Re8+ Kf6 72. Rf8+ Ke5 73. Re8+ Kd5 74. Rd8+ Ke6 
75. Re8+ Kf7 76. Re5 Re2+ 77. Kd4 Rxf2 78. Kxc3 Rf3+ 79. Kb2 Rxg3 80. Rxe4 Kg7 
81. Ka2 Kg6 82. Kb2 Kh5 1/2-1/2

[Event "Wednesday Night Engine Tour 13 Rd Swiss 3m+1s Starts at 2200hrs ST"]
[Site "Infinity Chess"]
[Date "2018.1.10"]
[Round "10"]
[White "Vimtiroba"]
[Black "KRAKEN"]
[Result "1/2-1/2"]
[ECO "A01"]
[WhiteElo "2513"]
[BlackElo "2554"]
[WhiteEngine "Asmfish@ Seahorse_CTG"]
[BlackEngine "Raubfisch X37b1._zag_CTG"]
[EventType "Swiss"]
[WhiteTeam ""]
[BlackTeam ""]
[PlyCount "117"]
[TimeControl "180+1"]

1. b3 Nf6 2. Bb2 d5 3. Nf3 Bf5 4. e3 e6 5. Be2 h6 6. O-O Bd6 7. d4 c6 8. c4 O-O 
9. Nbd2 Nbd7 10. Ne5 a5 11. a3 Bc7 12. f4 Ne4 13. Nxe4 Bxe4 14. a4 Nxe5 
15. dxe5 Bb6 16. Bd4 Bxd4 17. Qxd4 Qe7 18. Rfd1 Qb4 19. c5 Qxd4 20. Rxd4 f6 
21. exf6 Rxf6 22. Rf1 Rf7 23. Bf3 Bc2 24. Bd1 Be4 25. Bf3 Bc2 26. Bd1 Bg6 
27. Rd2 Re8 28. g4 Rb8 29. Bc2 Bxc2 30. Rxc2 b6 31. cxb6 Rxb6 32. Rc3 Rfb7 
33. Kf2 Rxb3 34. Rxb3 Rxb3 35. Rc1 Rb6 36. Rc5 Ra6 37. f5 Kf7 38. e4 Kf6 
39. Kf3 Ke5 40. fxe6 Kxe6 41. exd5+ cxd5 42. h4 Ra8 43. Ke3 Ke5 44. h5 Ra6 
45. Rb5 Re6 46. Rxa5 Kd6+ 47. Kd3 Re4 48. Ra6+ Kc5 49. Ra7 Rd4+ 50. Ke3 Rxg4 
51. a5 d4+ 52. Kf3 Rg5 53. Ke4 d3 54. Kxd3 Kb5 55. Ke4 Rxh5 56. Rxg7 Kxa5 
57. Kd4 Rh1 58. Rg2 Rd1+ 59. Kc3 1/2-1/2

[Event "Wednesday Night Engine Tour 13 Rd Swiss 3m+1s Starts at 2200hrs ST"]
[Site "Infinity Chess"]
[Date "2018.1.10"]
[Round "10"]
[White "SkyPilot"]
[Black "CrossingJordan"]
[Result "1/2-1/2"]
[ECO "C50"]
[WhiteElo "2553"]
[BlackElo "2514"]
[WhiteEngine "stockfish_x64_bmi2_2018_01_01_CTG"]
[BlackEngine "asmFishW_2017-12-20_bmi2_CTG"]
[EventType "Swiss"]
[WhiteTeam ""]
[BlackTeam ""]
[PlyCount "89"]
[TimeControl "180+1"]

1. e4 e5 2. Nf3 Nc6 3. Bc4 Bc5 4. O-O Nf6 5. d3 d6 6. c3 a5 7. Re1 Ba7 
8. Nbd2 O-O 9. h3 Be6 10. Bb5 Ne7 11. d4 Ng6 12. Ba4 Nh5 13. Nf1 Nhf4 
14. Bc2 Qd7 15. Ne3 exd4 16. Nxd4 Bxd4 17. cxd4 d5 18. Nxd5 Nxd5 19. exd5 Bxd5 
20. Be3 a4 21. a3 Rfe8 22. Qg4 Qb5 23. Qf5 c6 24. Rab1 Rad8 25. Bd2 Rxe1+ 
26. Bxe1 Bc4 27. Qxb5 Bxb5 28. Ba5 Rxd4 29. Re1 c5 30. Be4 Rd7 31. Bxg6 hxg6 
32. Re8+ Kh7 33. Re5 Rd1+ 34. Kh2 Rb1 35. Bc3 b6 36. Re7 Bc4 37. Rb7 b5 
38. h4 Rf1 39. f3 Rc1 40. Rc7 Rc2 41. Kg3 Kg8 42. Rc8+ Kh7 43. Rc7 Kg8 
44. Rc8+ Kh7 45. Rc7 1/2-1/2

[Event "Wednesday Night Engine Tour 13 Rd Swiss 3m+1s Starts at 2200hrs ST"]
[Site "Infinity Chess"]
[Date "2018.1.10"]
[Round "10"]
[White "xeonrocks"]
[Black "MarioDeMonti"]
[Result "1-0"]
[ECO "B90"]
[WhiteElo "2608"]
[BlackElo "2507"]
[WhiteEngine "asmFishW_CTG"]
[BlackEngine "stockfish_x64_bmi2_2017_12_26_CTG"]
[EventType "Swiss"]
[WhiteTeam ""]
[BlackTeam ""]
[PlyCount "151"]
[TimeControl "180+1"]

1. e4 c5 2. Nf3 d6 3. d4 cxd4 4. Nxd4 Nf6 5. Nc3 a6 6. Be3 e5 7. Nb3 Be6 
8. f3 h5 9. Be2 Nbd7 10. Nd5 Bxd5 11. exd5 g6 12. Qd2 Bg7 13. O-O b6 14. h3 O-O 
15. Rfc1 Nh7 16. c3 f5 17. a4 Rf7 18. Bd3 Nhf6 19. Re1 Qc7 20. Bc2 Rb8 
21. Kh1 a5 22. Nc1 Qc4 23. Rd1 Qc7 24. b3 e4 25. Ne2 Re8 26. Nf4 Nf8 
27. Rac1 Qb7 28. Qf2 exf3 29. Qxf3 Ne4 30. Bxe4 Rxe4 31. Nd3 b5 32. Nf2 Re8 
33. Bf4 bxa4 34. bxa4 Be5 35. Bd2 Qa6 36. c4 Rc8 37. Nd3 Rxc4 38. Nxe5 dxe5 
39. Re1 Rd4 40. Rc6 Qd3 41. Qxd3 Rxd3 42. Bxa5 Rxd5 43. Bb4 e4 44. Rc8 g5 
45. a5 Rb5 46. Bc3 g4 47. a6 Ra7 48. Rc6 gxh3 49. gxh3 Kf7 50. Rf6+ Ke7 
51. Rh6 Rb3 52. Re3 Rb1+ 53. Kh2 Rc1 54. Bd4 Rac7 55. a7 R1c2+ 56. Kg3 Ra2 
57. Bb6 Rcxa7 58. Bxa7 Rxa7 59. Rc3 Kf7 60. Kf4 e3 61. Kxe3 Kg7 62. Rxh5 Kg6 
63. Rh8 Kg7 64. Rh4 Rb7 65. Kf2 Rb5 66. Ra4 Ng6 67. Ra6 Rb2+ 68. Ke1 Rb1+ 
69. Kd2 Rb2+ 70. Kc1 Rg2 71. Kd1 Kh6 72. Ke1 Kh5 73. Rc7 Kh6 74. Rf7 Kg5 
75. Rh7 f4 76. Kf1 1-0

[Event "Wednesday Night Engine Tour 13 Rd Swiss 3m+1s Starts at 2200hrs ST"]
[Site "Infinity Chess"]
[Date "2018.1.10"]
[Round "9"]
[White "koalachess"]
[Black "incredible"]
[Result "0-1"]
[ECO "B18"]
[WhiteElo "2321"]
[BlackElo "2476"]
[WhiteEngine "asmFishW_2017-11-19_popcnt_CTG"]
[BlackEngine "stockfish_18010422_x64_bmi2"]
[EventType "Swiss"]
[WhiteTeam ""]
[BlackTeam ""]
[PlyCount "216"]
[TimeControl "180+1"]

1. e4 c6 2. d4 d5 3. Nc3 dxe4 4. Nxe4 Bf5 5. Ng3 Bg6 6. Nf3 e6 7. Bd3 Bd6 
8. O-O Qc7 9. Re1 Nd7 10. c3 Ngf6 11. Bxg6 hxg6 12. Bg5 Kf8 13. Qe2 Kg8 
14. Ne5 b5 15. Rac1 Nd5 16. c4 bxc4 17. Nxc4 Bxg3 18. fxg3 Rh5 19. Be3 Nxe3 
20. Nxe3 Nf6 21. Qf3 Rc8 22. b3 a5 23. Rc4 a4 24. Rxa4 Ra5 25. Rxa5 Qxa5 
26. Rf1 Qa7 27. g4 c5 28. Rc1 Qxa2 29. g5 Ne8 30. dxc5 Qxb3 31. Nd1 Qb4 
32. Qc3 Qb7 33. Qd2 Qb5 34. Qe3 Qc6 35. Qf3 Qc7 36. Nf2 Qa7 37. Qe3 Nd6 
38. g4 Nb5 39. h4 Nc7 40. Nd3 Rd8 41. Rf1 Qa3 42. Rf3 Nd5 43. Qd4 Ra8 
44. Qb2 Qa4 45. Nf2 Qc4 46. Qe5 Qxc5 47. h5 gxh5 48. gxh5 Qa5 49. g6 Nf6 
50. gxf7+ Kxf7 51. Qd6 Rd8 52. Qg3 Qxh5 53. Qc7+ Ke8 54. Rh3 Qg6+ 55. Rg3 Qb1+ 
56. Kg2 Rd7 57. Qc8+ Kf7 58. Qh8 Qh7 59. Qxh7 Nxh7 60. Ra3 Nf6 61. Nd3 Rd5 
62. Ra7+ Nd7 63. Nf2 Kg6 64. Kf3 Kf5 65. Ng4 Rd3+ 66. Ne3+ Kf6 67. Ke2 Rd4 
68. Nc2 Re4+ 69. Kf3 Rc4 70. Rxd7 Rxc2 71. Rd6 Rc3+ 72. Kg4 Rc4+ 73. Kf3 Kf5 
74. Rd7 Rc3+ 75. Kg2 g5 76. Kf2 Kg4 77. Re7 Rc2+ 78. Ke1 Kf3 79. Rf7+ Kg3 
80. Kf1 g4 81. Rg7 Rf2+ 82. Kg1 Rg2+ 83. Kf1 Ra2 84. Rg6 e5 85. Re6 Ra1+ 
86. Ke2 Kg2 87. Rxe5 g3 88. Rc5 Ra2+ 89. Ke3 Kg1 90. Kf3 g2 91. Rc8 Ra3+ 
92. Kg4 Re3 93. Rf8 Re7 94. Kg5 Kh2 95. Rh8+ Kg3 96. Rg8 Rf7 97. Kg6 Rf1 
98. Kh5+ Kh2 99. Rg4 g1=Q 100. Rh4+ Kg2 101. Rg4+ Kf3 102. Rxg1 Rxg1 
103. Kh6 Kf4 104. Kh7 Kf5 105. Kh6 Rg3 106. Kh7 Kf6 107. Kh8 Kf7 108. Kh7 Rh3# 
0-1

[Event "Wednesday Night Engine Tour 13 Rd Swiss 3m+1s Starts at 2200hrs ST"]
[Site "Infinity Chess"]
[Date "2018.1.10"]
[Round "9"]
[White "KillBill2017"]
[Black "MiKachomiKa QueeN"]
[Result "1/2-1/2"]
[ECO "C70"]
[WhiteElo "2483"]
[BlackElo "2468"]
[WhiteEngine "Raubfisch X37b1._CTG"]
[BlackEngine "Raubfisch X37b1_CTG"]
[EventType "Swiss"]
[WhiteTeam ""]
[BlackTeam ""]
[PlyCount "121"]
[TimeControl "180+1"]

1. e4 e5 2. Nf3 Nc6 3. Bb5 a6 4. Ba4 Be7 5. O-O Nf6 6. Re1 b5 7. Bb3 O-O 
8. c3 d6 9. h3 Na5 10. Bc2 c5 11. d4 Nd7 12. Nbd2 exd4 13. cxd4 Nc6 14. d5 Nce5 
15. a4 Bb7 16. Nxe5 Nxe5 17. f4 Nd7 18. Nf3 g6 19. Rb1 Bf6 20. b3 Qc7 21. g4 Bg7 
22. Be3 Rab8 23. Bd3 Rfe8 24. Qc2 f5 25. gxf5 gxf5 26. Bf2 Nf6 27. Ng5 fxe4 
28. Bxe4 h6 29. Ne6 Rxe6 30. dxe6 Nxe4 31. Rxe4 Qc6 32. Rbe1 d5 33. axb5 axb5 
34. R4e2 d4 35. Re4 Kh8 36. Kh2 Re8 37. Bh4 Qd5 38. Qf2 Qxb3 39. R4e2 d3 
40. Qg3 Qc3 41. Qg6 Rg8 42. e7 dxe2 43. e8=Q Rxe8 44. Qxe8+ Kh7 45. Qxb5 Qf3 
46. Qxe2 Qxf4+ 47. Bg3 Qf5 48. Qf2 Bc8 49. Qxf5+ Bxf5 50. Be5 Bxe5+ 51. Rxe5 Kg6 
52. Rxc5 Kg5 53. Kg3 Kg6 54. Kh2 Bd3 55. Kg3 Bb1 56. Rc6+ Kg5 57. Rb6 Ba2 
58. Rb8 Bc4 59. Rc8 Bf1 60. Rc6 Be2 61. Rc7 1/2-1/2

[Event "Wednesday Night Engine Tour 13 Rd Swiss 3m+1s Starts at 2200hrs ST"]
[Site "Infinity Chess"]
[Date "2018.1.10"]
[Round "9"]
[White "MarioDeMonti"]
[Black "Dovahkiin"]
[Result "1/2-1/2"]
[ECO "B90"]
[WhiteElo "2510"]
[BlackElo "2444"]
[WhiteEngine "stockfish_x64_bmi2_2017_12_26_CTG"]
[BlackEngine "BrainFish_180106_x64_modern_CTG"]
[EventType "Swiss"]
[WhiteTeam ""]
[BlackTeam ""]
[PlyCount "100"]
[TimeControl "180+1"]

1. e4 c5 2. Nf3 d6 3. d4 cxd4 4. Nxd4 Nf6 5. Nc3 a6 6. Be3 e5 7. Nb3 Be6 
8. f3 h5 9. Qd2 Nbd7 10. Nd5 Bxd5 11. exd5 g6 12. O-O-O Nb6 13. Qa5 Bh6 
14. Bxh6 Rxh6 15. Qd2 Rh8 16. Na5 Qc7 17. c4 Kf8 18. Kb1 Kg7 19. Bd3 Nbd7 
20. Ka1 Nc5 21. Bb1 b5 22. Rc1 Qb6 23. b4 Nb7 24. c5 dxc5 25. Nxb7 Qxb7 
26. Rxc5 Rhd8 27. Re1 Rac8 28. Rxe5 Rxc5 29. bxc5 Rxd5 30. Rxd5 Qxd5 
31. Qxd5 Nxd5 32. Be4 Nc7 33. Kb2 Kf6 34. Kc3 Ke5 35. Kb4 Kd4 36. c6 f5 
37. Bc2 Kd5 38. Bb3+ Kxc6 39. Bf7 h4 40. Bxg6 f4 41. Bf7 Nd5+ 42. Bxd5+ Kxd5 
43. Ka5 Kd4 44. Kxa6 Ke3 45. h3 Kf2 46. Kxb5 Kxg2 47. a4 Kxf3 48. a5 Ke3 
49. a6 f3 50. a7 f2 1/2-1/2

[Event "Wednesday Night Engine Tour 13 Rd Swiss 3m+1s Starts at 2200hrs ST"]
[Site "Infinity Chess"]
[Date "2018.1.10"]
[Round "9"]
[White "MGR"]
[Black "Victorious"]
[Result "1/2-1/2"]
[ECO "C50"]
[WhiteElo "2491"]
[BlackElo "2560"]
[WhiteEngine "asmFishW_2017-11-19_bmi2"]
[BlackEngine "Houdini 6"]
[EventType "Swiss"]
[WhiteTeam ""]
[BlackTeam ""]
[PlyCount "179"]
[TimeControl "180+1"]

1. e4 e5 2. Nf3 Nc6 3. Bc4 Bc5 4. O-O Nf6 5. d3 d6 6. c3 a5 7. Bg5 Ba7 
8. Nbd2 h6 9. Bh4 g5 10. Bg3 O-O 11. Bb3 Be6 12. a4 Qe7 13. Nc4 Qd7 14. Re1 Rae8 
15. Ne3 Ne7 16. Bc2 Bxe3 17. Rxe3 Ng6 18. d4 Qe7 19. h3 Bd7 20. b4 b6 
21. Re1 Kg7 22. Rb1 Rb8 23. b5 Rfc8 24. Qd2 Nh5 25. Nh2 Nhf4 26. Kh1 Be6 
27. Bb3 Rh8 28. Bxe6 fxe6 29. Rbd1 h5 30. f3 Rbd8 31. Qb2 Rdf8 32. Rd2 Rc8 
33. Red1 Qf6 34. Qb3 Rcf8 35. Re1 Rf7 36. Qb1 Rhf8 37. Bf2 Qe7 38. Be3 Kg8 
39. Qc2 Rh7 40. Qb1 Rhf7 41. Rf1 Kg7 42. Qc2 Kg8 43. Re1 Rh7 44. Rf2 Kh8 
45. Kg1 Rg7 46. Rd1 Rgf7 47. Kh1 Qe8 48. Rg1 Qa8 49. Rb1 Qd8 50. Rd2 Rg7 
51. Re1 Rh7 52. Qd1 Qa8 53. Bf2 Qd8 54. Bg3 Rg8 55. Kg1 Qf6 56. Kh1 Nf8 
57. Rf1 Qg7 58. Qe1 Nd7 59. Kg1 Qh6 60. Qd1 Nf6 61. dxe5 dxe5 62. Rd8 Rf7 
63. Rd2 Qg7 64. Qc2 Rd7 65. Rfd1 Rgd8 66. Nf1 Ne2+ 67. Kh2 Nxg3 68. Nxg3 Rxd2 
69. Rxd2 Rg8 70. Qb3 Qf7 71. c4 g4 72. Qc3 gxf3 73. Qxf3 Rf8 74. Qe3 Qg6 
75. c5 h4 76. Nh1 Nxe4 77. Re2 Nxc5 78. Qxe5+ Qf6 79. Qh5+ Kg8 80. Rf2 Qg7 
81. Qxh4 Qe5+ 82. Kg1 Rf5 83. Qd8+ Kf7 84. Rd2 Qe3+ 85. Kh2 Rf1 86. Rd4 Qg1+ 
87. Kg3 Qe3+ 88. Kh2 Qg1+ 89. Kg3 Qe3+ 90. Kh2 1/2-1/2

[Event "Wednesday Night Engine Tour 13 Rd Swiss 3m+1s Starts at 2200hrs ST"]
[Site "Infinity Chess"]
[Date "2018.1.10"]
[Round "9"]
[White "RonWeasley"]
[Black "ocirema"]
[Result "1/2-1/2"]
[ECO "A00"]
[WhiteElo "2470"]
[BlackElo "2511"]
[WhiteEngine "BrainFish 060118_CTG"]
[BlackEngine "stockfish_18010422_x64_modern_CTG"]
[EventType "Swiss"]
[WhiteTeam ""]
[BlackTeam ""]
[PlyCount "117"]
[TimeControl "180+1"]

1. a3 c5 2. e3 Nc6 3. d4 cxd4 4. exd4 d5 5. h3 Bf5 6. Nf3 Nf6 7. Bd3 e6 
8. Bxf5 exf5 9. Bg5 Be7 10. Bxf6 Bxf6 11. O-O O-O 12. Qd3 g6 13. Nbd2 Qc7 
14. c3 Nd8 15. Nb3 Ne6 16. Qd2 Rae8 17. Rae1 Be7 18. Nc1 Bd6 19. Nd3 f6 
20. Qd1 Qd7 21. Re3 Nf4 22. Rxe8 Rxe8 23. Nxf4 Bxf4 24. Ne1 Kg7 25. Qb3 Bd6 
26. a4 Re2 27. Nd3 Qc6 28. Rd1 a6 29. Kf1 Re4 30. a5 h5 31. Qb6 Qa4 32. Rc1 Qc4 
33. Qxd6 Qxd3+ 34. Kg1 Qb5 35. Qc7+ Kh6 36. b4 h4 37. Qd6 Qe8 38. Qxf6 Re1+ 
39. Rxe1 Qxe1+ 40. Kh2 Qxf2 41. Qe5 Kg5 42. Qe7+ Kh5 43. Kh1 Kh6 44. Qxb7 Qf1+ 
45. Kh2 Qf4+ 46. Kg1 Qe3+ 47. Kf1 Qxc3 48. Qxa6 Qxb4 49. Qf6 Qc4+ 50. Kf2 Qc2+ 
51. Ke1 Qc3+ 52. Kd1 Qb3+ 53. Kc1 Qc3+ 54. Kb1 Qxa5 55. Qxh4+ Kg7 56. Qe7+ Kh6 
57. Qh4+ Kg7 58. Qe7+ Kh6 59. Qh4+ 1/2-1/2

[Event "Wednesday Night Engine Tour 13 Rd Swiss 3m+1s Starts at 2200hrs ST"]
[Site "Infinity Chess"]
[Date "2018.1.10"]
[Round "9"]
[White "Cepri"]
[Black "Vimtiroba"]
[Result "1/2-1/2"]
[ECO "C50"]
[WhiteElo "2489"]
[BlackElo "2514"]
[WhiteEngine "Raubfisch X37b_CTG"]
[BlackEngine "Asmfish@ Seahorse_CTG"]
[EventType "Swiss"]
[WhiteTeam ""]
[BlackTeam ""]
[PlyCount "49"]
[TimeControl "180+1"]

1. e4 e5 2. Nf3 Nc6 3. Bc4 Bc5 4. O-O Nf6 5. d3 d6 6. c3 a5 7. a4 O-O 8. Bg5 h6 
9. Bh4 g5 10. Bg3 Kg7 11. Na3 Ne7 12. Re1 Ng6 13. Nc2 Bb6 14. d4 Nxe4 
15. Rxe4 f5 16. Re1 f4 17. Bd3 fxg3 18. fxg3 g4 19. Nd2 Be6 20. Kh1 Qg5 
21. c4 Qh5 22. Nb3 Qg5 23. Nd2 Qh5 24. Nb3 Qg5 25. Nd2 1/2-1/2

[Event "Wednesday Night Engine Tour 13 Rd Swiss 3m+1s Starts at 2200hrs ST"]
[Site "Infinity Chess"]
[Date "2018.1.10"]
[Round "9"]
[White "KULLANI"]
[Black "SkyPilot"]
[Result "1/2-1/2"]
[ECO "C55"]
[WhiteElo "2502"]
[BlackElo "2555"]
[WhiteEngine "BrainFish_180106_x64_CTG"]
[BlackEngine "stockfish_x64_bmi2_2018_01_01_CTG"]
[EventType "Swiss"]
[WhiteTeam ""]
[BlackTeam ""]
[PlyCount "139"]
[TimeControl "180+1"]

1. e4 e5 2. Nf3 Nc6 3. Bc4 Nf6 4. d3 Bc5 5. c3 d6 6. O-O O-O 7. Bg5 h6 8. Bh4 a5 
9. a4 g5 10. Bg3 Kg7 11. Nbd2 Ba7 12. Re1 Ng8 13. h3 h5 14. Nf1 Nh6 15. d4 g4 
16. Bh4 Qe8 17. N3h2 exd4 18. cxd4 Bxd4 19. Ne3 Bxe3 20. Rxe3 Be6 21. Bd5 f6 
22. hxg4 hxg4 23. Rg3 Bd7 24. f4 Qh5 25. Rh3 Qe8 26. Rc3 Qh5 27. Be1 Rh8 
28. Nf1 Nf7 29. Ng3 Qh2+ 30. Kf2 Raf8 31. Bxf7 Rxf7 32. Qd5 Kf8 33. Bd2 Qh7 
34. Qb5 Bc8 35. Rcc1 Qg6 36. Bxa5 f5 37. Rxc6 bxc6 38. Qb8 Qe6 39. Bxc7 fxe4 
40. Bxd6+ Kg8 41. Be5 e3+ 42. Kg1 Rb7 43. Qa8 Rh6 44. Rc1 Qd7 45. Qa5 Qd3 
46. Qa8 Rd7 47. Qxc8+ Kf7 48. Bg7 Kxg7 49. Qe8 e2 50. Nxe2 Qd5 51. Qe5+ Kf7 
52. Ng3 Re6 53. Qxd5 Rxd5 54. Nf1 Re4 55. g3 Rxa4 56. Rxc6 Ra1 57. Rc7+ Ke6 
58. Rc6+ Ke7 59. Rc2 Rdd1 60. Rf2 Kf7 61. b4 Rab1 62. Kg2 Rdc1 63. b5 Rd1 
64. b6 Rdc1 65. b7 Rd1 66. Rc2 Rxb7 67. Ne3 Rdb1 68. Nxg4 R1b2 69. Rxb2 Rxb2+ 
70. Kf3 1/2-1/2

[Event "Wednesday Night Engine Tour 13 Rd Swiss 3m+1s Starts at 2200hrs ST"]
[Site "Infinity Chess"]
[Date "2018.1.10"]
[Round "9"]
[White "CrossingJordan"]
[Black "BlitzMaster"]
[Result "1/2-1/2"]
[ECO "B90"]
[WhiteElo "2512"]
[BlackElo "2565"]
[WhiteEngine "asmFishW_2017-12-20_bmi2_CTG"]
[BlackEngine "stockfish_18010422_x64_modern_CTG"]
[EventType "Swiss"]
[WhiteTeam ""]
[BlackTeam ""]
[PlyCount "78"]
[TimeControl "180+1"]

1. e4 c5 2. Nf3 d6 3. d4 cxd4 4. Nxd4 Nf6 5. Nc3 a6 6. Be3 e5 7. Nb3 Be6 
8. f3 h5 9. Qd2 Nbd7 10. Nd5 Nxd5 11. exd5 Bf5 12. Na5 Qc7 13. Rc1 Be7 
14. Bd3 Bxd3 15. cxd3 Qb8 16. d4 Bh4+ 17. g3 Bf6 18. dxe5 Nxe5 19. O-O O-O 
20. Kg2 Re8 21. b3 Re7 22. f4 Ng4 23. Bg1 Nh6 24. h3 Qf8 25. Rfe1 Rae8 
26. Bf2 Rxe1 27. Rxe1 Rxe1 28. Qxe1 Qc8 29. Qe4 Qd7 30. Nc4 g6 31. a3 Bg7 
32. Ne3 Kh8 33. a4 Kg8 34. Qd3 Kh7 35. Nc4 Kg8 36. Nb6 Qe7 37. Nc4 Qd7 
38. Nb6 Qe7 39. Nc4 Qd7 1/2-1/2

[Event "Wednesday Night Engine Tour 13 Rd Swiss 3m+1s Starts at 2200hrs ST"]
[Site "Infinity Chess"]
[Date "2018.1.10"]
[Round "9"]
[White "xeonrocks"]
[Black "KRAKEN"]
[Result "1/2-1/2"]
[ECO "C50"]
[WhiteElo "2610"]
[BlackElo "2552"]
[WhiteEngine "asmFishW_CTG"]
[BlackEngine "Raubfisch X37b1._zag_CTG"]
[EventType "Swiss"]
[WhiteTeam ""]
[BlackTeam ""]
[PlyCount "116"]
[TimeControl "180+1"]

1. e4 e5 2. Nf3 Nc6 3. Bc4 Bc5 4. O-O Nf6 5. d3 d6 6. c3 a5 7. Re1 Ba7 8. h3 O-O 
9. Bb5 h6 10. Nbd2 Ne7 11. d4 Ng6 12. Ba4 Bd7 13. Nf1 Re8 14. Ng3 b5 15. Bc2 a4 
16. Be3 c5 17. b3 cxd4 18. cxd4 Qa5 19. Bd2 Qa6 20. Be3 exd4 21. Bxd4 Ne5 
22. Nh4 Bxd4 23. Qxd4 Qc8 24. Qd2 axb3 25. Bxb3 Nc4 26. Qf4 Qc5 27. Nf3 Ne5 
28. Rad1 Nxf3+ 29. Qxf3 Be6 30. Nf5 Bxf5 31. exf5 Rxe1+ 32. Rxe1 d5 33. Qf4 Rc8 
34. Rd1 Re8 35. g3 b4 36. Qd4 Qd6 37. Kg2 Re2 38. Kf1 Re4 39. Qd3 Re5 
40. Kg2 Qe7 41. Qf3 Re2 42. Bxd5 Nxd5 43. Qxd5 Qe3 44. Qf3 Qxf3+ 45. Kxf3 Rxa2 
46. Rd8+ Kh7 47. Rb8 Rb2 48. g4 Rb3+ 49. Kf4 h5 50. f3 hxg4 51. fxg4 Rxh3 
52. Rxb4 f6 53. Rb7 Ra3 54. g5 Ra1 55. gxf6 Rf1+ 56. Ke3 Rxf5 57. fxg7 Kg8 
58. Rb1 Kxg7 1/2-1/2

[Event "Wednesday Night Engine Tour 13 Rd Swiss 3m+1s Starts at 2200hrs ST"]
[Site "Infinity Chess"]
[Date "2018.1.10"]
[Round "8"]
[White "KRAKEN"]
[Black "koalachess"]
[Result "1-0"]
[ECO "A15"]
[WhiteElo "2545"]
[BlackElo "2328"]
[WhiteEngine "Raubfisch X37b1._zag_CTG"]
[BlackEngine "asmFishW_2017-11-19_popcnt_CTG"]
[EventType "Swiss"]
[WhiteTeam ""]
[BlackTeam ""]
[PlyCount "135"]
[TimeControl "180+1"]

1. c4 Nf6 2. d4 e6 3. Nf3 d5 4. Nc3 Bb4 5. cxd5 exd5 6. Bg5 Nbd7 7. e3 O-O 
8. Bd3 c5 9. O-O Bxc3 10. bxc3 c4 11. Bf5 Qa5 12. Qc2 Re8 13. Bh4 Ne4 
14. Bxe4 dxe4 15. Nd2 Nb6 16. a4 Bd7 17. Ra3 Qh5 18. Bg3 Qe2 19. Rb1 Bxa4 
20. Qa2 Rac8 21. h3 Nd5 22. Rxb7 a6 23. Rb2 Qd1+ 24. Kh2 Bb5 25. Qb1 Qxb1 
26. Rxb1 Nb6 27. Re1 f5 28. f3 exf3 29. gxf3 Na4 30. Be5 Nb2 31. Rg1 Re7 
32. Raa1 Na4 33. Rac1 Nb2 34. f4 Nd3 35. Rb1 Rd8 36. h4 Rf7 37. h5 Ra7 
38. Kg3 Rf7 39. Kh4 Rdd7 40. Rg5 Rde7 41. Rbg1 a5 42. Nf3 Bc6 43. h6 Bxf3 
44. Bxg7 Bg4 45. Rb1 Nb4 46. Be5+ Kf8 47. Bd6 Ke8 48. Rg8+ Kd7 49. Bxe7 Rxe7 
50. cxb4 a4 51. Rg7 Kd6 52. Rxe7 Kxe7 53. Ra1 c3 54. Rc1 Bf3 55. Rxc3 Bd5 
56. Rc7+ Kf6 57. Ra7 Bb3 58. Ra6+ Be6 59. d5 Ke7 60. dxe6 Kf6 61. b5 Ke7 
62. b6 Kxe6 63. b7+ Kd5 64. b8=Q Kc4 65. Qb2 a3 66. Rc6+ Kd3 67. Rc3+ Ke4 
68. Qg2# 1-0